 Dungeon Crawl Stone Soup version 0.21.1-72-gffa868e (webtiles) character file.

56 Garchi the Skirmisher (level 3, -1/33 HPs)
             Began as a Draconian Berserker on Aug 4, 2018.
             Was a Believer of Trog.
             Killed by nerve-wracking pain
             ... invoked by Jessica
              (8 damage)
             ... on level 2 of the Dungeon.
             The game lasted 00:04:36 (1159 turns).

Garchi the Skirmisher (Draconian Berserker)         Turns: 1159, Time: 00:04:37

Health: -1/33      AC:  5    Str: 20    XL:     3   Next: 71%
Magic:  3/3        EV: 13    Int:  7    God:    Trog [**....]
Gold:   67         SH:  0    Dex: 10    Spells: 2/2 levels left

rFire    . . .     SeeInvis .   i - +4 mace
rCold    . . .     Gourm    .   (no shield)
rNeg     . . .     Faith    .   (armour unavailable)
rPois    .         Spirit   .   (helmet restricted)
rElec    .         Reflect  .   (no cloak)
rCorr    .         Harm     .   (no gloves)
MR       .....                  (no boots)
Stlth    +.........             (no amulet)
HPRegen  0.11/turn              (no ring)
MPRegen  0.08/turn              (no ring)

@: lethally poisoned (-1 -> -3)
A: unfitting armour, cold-blooded, AC +5
a: Berserk, Trog's Hand, Burn Spellbooks, Renounce Religion


You were on level 2 of the Dungeon.
You worshipped Trog.
Trog was pleased with you.
You were hungry.

You visited 1 branch of the dungeon, and saw 2 of its levels.

You collected 67 gold pieces.

Inventory:

Hand Weapons
 a - a +1 hand axe
 d - a cursed -1 whip
 i - a +4 mace (weapon)
Armour
 k - a +0 helmet
 l - a scarf of spirit shield
Scrolls
 f - a scroll of enchant armour {unknown}
 m - a scroll of fog {unknown}
Potions
 c - a potion of might {unknown}
 e - a potion of brilliance {unknown}
 g - 2 potions of degeneration {unknown}
 h - a potion of berserk rage {unknown}
 j - a potion of lignification {unknown}
Comestibles
 b - 2 rations


   Skills:
 + Level 3.8 Fighting
 + Level 3.7(3.8) Axes
 + Level 1.1(2.5) Maces & Flails
 + Level 3.1 Dodging


You had 2 spell levels left.
You didn't know any spells.

Dungeon Overview and Level Annotations

Branches:
Dungeon (2/15)

Altars:
Vehumet

Annotations:
D:2 Jessica


Innate Abilities, Weirdness & Mutations

Your plain brown scales are hard. (AC +5)
You cannot fit into any form of body armour.
You are cold-blooded and may be slowed by cold attacks.


Message History

Jessica hits you with a dagger. Jessica hits you but does no damage.
The frilled lizard misses you.
You thump the frilled lizard!
You kill the frilled lizard!
Trog accepts your kill.
You feel sick. Jessica hits you with a dagger.
Jessica hits you but does no damage. The frilled lizard closely misses you.
Jessica misses you. Jessica hits you with a dagger.
You hit the frilled lizard.
You kill the frilled lizard!
Trog accepts your kill.
You feel sick. Jessica closely misses you.
Jessica grins evilly.
Jessica hits you with a dagger.
* * * LOW HITPOINT WARNING * * *
You closely miss Jessica. Jessica gestures at you while chanting.
Pain shoots through your body!
You die...

####### # ### #.....
.. .. #####.##.# .. .
.........###.#########
........).............
#....†##.####..#..
####.#...##.#.....#.#
#...@@......#.##..#.#
##.#..#...#...#.
#..#.#
.##.###.###....##..#.#
#.#..#...#....###..#.#
#....._......# #..#.#
#...#...#....# #..#..
#..###.###...# #))...
#...#...#..#.# #.####
#..........#.###†#


You could see Jessica.

Vanquished Creatures
  An adder (D:2)
  2 leopard geckos
  2 giant cockroaches
  8 goblins
  5 hobgoblins
  5 jackals (D:1)
  4 bats
  6 frilled lizards
  6 kobolds
  3 rats
42 creatures vanquished.

Notes
Turn   | Place    | Note
-------+----------+-------------------------------------------
     0 | D:1      | Garchi the Draconian Berserker began the quest for the Orb.
     0 | D:1      | Reached XP level 1. HP: 19/19 MP: 1/1
   193 | D:1      | Reached XP level 2. HP: 24/26 MP: 2/2
   866 | D:1      | Reached XP level 3. HP: 33/33 MP: 3/3
   885 | D:1      | Reached ** piety under Trog
  1117 | D:2      | Found a radiant altar of Vehumet.
  1143 | D:2      | Noticed Jessica
  1151 | D:2      | Reached skill level 1 in Maces & Flails
  1159 | D:2      | Killed from afar by Jessica

Skill      XL: |  1  2  3 |
---------------+----------+-----
Dodging        | 3 |  3.1
Maces & Flails | 1 |  1.1
Fighting       | |  3.8
Axes           | |  3.7

Action                   || total
-------------------------++-------
Melee: Hand axe          ||    63
       Mace              ||    42
       Tailslap          ||     2
  Use: Scroll            ||     2
Armor: Skin              ||    40
Dodge: Dodged            ||   129
